Map: Dusk Towers

Players

State - Winner!

  • Race: Protoss Protoss
  • League: Grandmaster

llllllllllll

  • Race: Zerg Zerg
  • League: Grandmaster

VOD

Have the link to the VOD?

Description

Time

  • Played on: Dec. 10, 2015, 6:03 a.m.
  • Length: 9:43
Show
View Real Time Build Order
Export as new Build Order

State Protoss - Winner!

Build Orders: Nexus First, Zealot Archon 

Get SALT Encoding   

  12  0:01  Probe (Chrono Boost)  
  13  0:12  Probe (Chrono Boost)  
  14  0:20  Pylon  
  14  0:22  Probe (Chrono Boost)  
  15  0:38  Probe (Chrono Boost)  
  16  0:49  Probe (Chrono Boost)  
  17  1:00  Nexus  
  17  1:08  Gateway  
  17  1:10  Probe (Chrono Boost)  
  18  1:15  Assimilator  
  18  1:21  Probe (Chrono Boost)  
  18  1:23  Assimilator  
  19  1:31  Probe (Chrono Boost)  
  20  1:34  Pylon  
  20  1:42  Probe (Chrono Boost)  
  21  1:53  Probe (Chrono Boost)  
  22  1:58  Cybernetics Core  
  22  2:03  Probe (Chrono Boost)  
  22  2:04  Zealot  
  25  2:13  Probe (Chrono Boost)  
  25  2:14  Probe (Chrono Boost)  
  27  2:23  Probe (Chrono Boost)  
  27  2:24  Probe (Chrono Boost)  
  29  2:34  Stalker, Probe (Chrono Boost)  
  29  2:35  Probe (Chrono Boost), Warp Gate  
  33  2:38  Twilight Council  
  33  2:44  Probe (Chrono Boost)  
  33  2:45  Probe (Chrono Boost)  
  35  2:55  Probe (Chrono Boost)  
  35  2:57  Pylon  
  35  2:58  Probe (Chrono Boost)  
  37  3:04  Adept  
  39  3:05  Probe (Chrono Boost)  
  39  3:08  Probe (Chrono Boost)  
  39  3:12  Resonating Glaives (Chrono Boost)  
  41  3:14  Probe (Chrono Boost)  
  41  3:19  Probe  
  43  3:25  Probe  
  44  3:35  Gateway, Robotics Facility  
  44  3:37  Gateway  
  46  3:41  Gateway, Adept  
  46  3:45  Probe, Assimilator  
  46  3:46  Probe  
  48  3:55  Gateway  
  48  3:57  Gateway  
  48  4:03  Gateway  
  48  4:09  Gateway  
  48  4:13  Pylon  
  48  4:15  Pylon  
  49  4:21  Pylon  
  48  4:24  Warp Prism (Chrono Boost)  
  48  4:28  Probe x2  
  52  4:43  Adept x2  
  52  4:44  Probe x2  
  58  4:46  Dark Shrine  
  58  4:51  Zealot  
  58  4:52  Sentry  
  62  4:56  Observer (Chrono Boost)  
  62  4:57  Probe x2  
  65  5:09  Probe  
  66  5:24  Probe x2  
  66  5:25  Assimilator  
  68  5:29  Adept x5  
  68  5:33  Pylon  
  76  5:49  Adept  
  78  5:53  Pylon x2  
  78  5:55  Adept x4, Pylon  
  78  6:00  Dark Templar x2  
  78  6:01  Dark Templar  
  80  6:12  Dark Templar  
  80  6:15  Nexus  
  80  6:17  Pylon  
  70  6:20  Adept x2  
  70  6:22  Adept  
  74  6:30  Immortal (Chrono Boost)  
  78  6:33  Probe x2  
  78  6:37  Blink  
  80  7:00  Probe x2  
  80  7:02  Pylon  
  80  7:04  Pylon  
  80  7:05  Immortal (Chrono Boost)  
  82  7:12  Probe  
  82  7:14  Sentry x2  
  82  7:15  Sentry  
  85  7:21  Probe  
  86  7:25  Adept x5  
  96  7:37  Archon x2  
  96  7:38  Warp Prism (Chrono Boost)  
  96  7:42  Probe x2  
  96  7:43  Stalker x3  
  106  7:51  Stalker x4  
  114  7:58  Probe  
  114  8:00  Probe x2  
  114  8:01  Assimilator  
  114  8:03  Assimilator  
  117  8:09  Forge  
  117  8:10  Adept x2, Forge  
  121  8:39  Robotics Facility  
  121  8:40  Stalker x2, Robotics Bay  
  121  8:41  Stalker x4  
  133  8:43  Probe  
  103  8:55  Adept x2  
  95  9:06  Adept x3  
  95  9:07  Adept x3  
  109  9:23  Adept x2  
  107  9:35  Adept x4  
Show
View Real Time Build Order
Export as new Build Order

llllllllllll Zerg 

Build Orders: Hatch First 

Get SALT Encoding   

  12  0:00  Drone  
  13  0:08  Drone  
  14  0:17  Overlord  
  14  0:24  Drone, Extractor  
  15  0:37  Drone x2  
  17  0:43  Drone  
  18  0:56  Hatchery  
  17  1:02  Drone  
  18  1:05  Drone  
  18  1:06  Extractor  
  18  1:17  Drone  
  19  1:21  Spawning Pool  
  18  1:27  Drone  
  19  1:37  Drone  
  20  1:56  Drone  
  20  2:00  Drone  
  22  2:08  Queen x2  
  24  2:09  Overlord  
  24  2:10  Metabolic Boost  
  24  2:14  Zergling x2  
  27  2:19  Zergling x2  
  28  2:26  Overlord  
  28  2:29  Drone  
  29  2:30  Drone  
  30  2:41  Drone  
  30  2:42  Drone  
  32  2:46  Hatchery  
  31  2:54  Drone x2  
  33  2:59  Queen  
  33  3:03  Drone x2  
  37  3:19  Drone x3  
  44  3:20  Drone x4  
  44  3:22  Overlord  
  44  3:26  Overlord  
  44  3:29  Extractor  
  44  3:30  Drone  
  44  3:36  Roach Warren  
  43  3:41  Drone x2  
  43  3:47  Drone  
  46  3:51  Drone x5  
  46  3:52  Drone  
  46  3:54  Drone  
  53  3:58  Queen  
  53  4:01  Drone  
  56  4:03  Drone  
  56  4:04  Drone  
  56  4:09  Overlord  
  58  4:11  Overlord  
  60  4:17  Roach  
  60  4:20  Roach x2  
  60  4:21  Roach  
  66  4:25  Spore Crawler, Drone  
  66  4:29  Roach x2  
  66  4:30  Roach  
  72  4:32  Roach  
  72  4:34  Roach  
  76  4:38  Drone  
  76  4:39  Drone x3, Extractor  
  76  4:44  Lair  
  79  4:46  Overlord  
  79  4:48  Roach  
  79  4:52  Overlord  
  80  4:54  Drone  
  80  4:56  Evolution Chamber  
  80  4:58  Overlord  
  80  5:01  Drone  
  80  5:02  Extractor  
  80  5:03  Drone  
  80  5:05  Drone x2  
  83  5:07  Drone x4  
  83  5:10  Drone x2  
  83  5:11  Roach  
  91  5:18  Roach x2  
  91  5:20  Zergling x2  
  95  5:23  Zerg Missile Weapons Level 1  
  95  5:28  Drone x2, Extractor  
  95  5:29  Drone x2  
  95  5:31  Roach x2  
  95  5:32  Roach  
  95  5:33  Zergling x4  
  106  5:41  Zergling x4  
  106  5:42  Zergling x2  
  106  5:45  Zergling x2  
  106  5:48  Overlord  
  106  5:49  Zergling x2  
  104  5:55  Roach  
  104  5:56  Drone  
  101  5:57  Drone x4  
  103  6:09  Zergling x8  
  103  6:12  Ravager, Glial Reconstitution  
  103  6:15  Overlord, Overseer  
  103  6:16  Zergling x2  
  103  6:17  Zergling x4  
  105  6:18  Zergling x4  
  105  6:19  Zergling x2  
  105  6:21  Drone  
  106  6:29  Overlord  
  104  6:38  Hatchery, Queen  
  101  6:45  Drone  
  101  6:46  Queen  
  97  7:01  Extractor  
  97  7:05  Drone x2  
  97  7:07  Drone x3  
  97  7:13  Hatchery  
  96  7:17  Hydralisk Den  
  96  7:18  Drone, Zerg Missile Weapons Level 2  
  96  7:19  Drone x5  
  101  7:25  Overlord  
  101  7:29  Overlord  
  101  7:32  Overlord  
  101  7:45  Lurker Den  
  100  7:53  Ravager x9  
  100  7:54  Drone x5  
  100  7:55  Hatchery  
  100  7:56  Roach x2  
  100  7:58  Roach  
  118  8:01  Roach  
  119  8:06  Roach  
  119  8:08  Ravager  
  119  8:12  Spine Crawler  
  121  8:14  Drone  
  121  8:17  Spine Crawler  
  121  8:18  Roach  
  121  8:19  Ravager  
  124  8:22  Roach  
  124  8:25  Drone  
  124  8:26  Drone  
  128  8:31  Roach x2  
  128  8:33  Overlord  
  132  8:37  Overlord  
  132  8:40  Overlord  
  112  8:58  Roach x6  
  114  9:05  Hydralisk x5  
  120  9:17  Drone  
  120  9:18  Drone  
  120  9:20  Roach x3  
  120  9:21  Roach x3  
  115  9:25  Drone x3  
Tags
 
Add a new tag
Caveats
  • Supply blocks, unpowered buildings, or Contaminate may cause inaccurate times.
  • Supply counts are checked every 10 seconds.